cohdb
Replays
Latest Replays
All Replays
Popular Replays
Top Player Replays
Match Explorer
How It Works
Community
CoH3 Stats
Reddit
Sign in to upload your games and track your stats! →
Sign in with Steam
Match 44003365
Unlisted
Match 44003365
Overview
Messages
Build Orders
End
Selects Italian Coastal Battlegroup
Selects Coastal Reserves
Coastal Reserve
Construct Infanterie Kompanie
MG 42 Machine Gun Team
Coastal Reserve
Construct Panzergrenadier Kompanie
Medical Bunker
Pak 40 Anti-tank Gun Team
Selects Support Bunkers
Support Elements
Selects Rapid Fortifications
Rapid Fortifications
MG 42 Bunker
Nebelwerfer 42 Rocket Launcher Team
Rapid Fortifications
MG 42 Bunker
Selects Bulwark
Rapid Fortifications
Nebelwerfer 42 Rocket Launcher Team
MG 42 Bunker
Selects Artillery Officer
Coastal Reserve
Rapid Fortifications
MG 42 Bunker
Rapid Fortifications
Bill
Clion3x
熊猫Real tiger
Nazgul
Traders
The famous Abacus
Oncle-Hô
sameenhassan10
0
0
Comments
sign in to comment!
No comments posted yet!